 Dungeon Crawl Stone Soup version 0.31.0-11-ge490571c62 (webtiles) character file.

Game seed: 14798135368596296150

337611 Xavori the Spry (level 22, -14/149 HPs)
             Began as a Djinni Chaos Knight on Jan 27, 2024.
             Was a Favourite Plaything of Xom.
             Killed from afar by a fire giant (21 damage)
             ... with a bolt of fire
             ... on level 2 of the Depths.
             The game lasted 01:38:19 (55962 turns).

Xavori the Spry (Djinni Chaos Knight)              Turns: 55962, Time: 01:38:19

Health: -14/149    AC: 14    Str: 10    XL:     22   Next: 91%
Gold:   3964       EV: 25    Int: 20    God:    Xom [*.....] SH: 13 Dex: 21

rFire   + . .        F - +5 scimitar (flame)
rCold   + . .        q - +0 kite shield {AC+3}
rNeg    + + +        U - +0 toga "Victory" {*Victory Clar}
rPois   ∞            o - +0 hat of the Aged Nights {rC+}
rElec   +            H - +2 cloak
rCorr   +            L - +2 pair of gloves
SInv    .            (boots unavailable)
Will    +++++        I - amulet of regeneration
Stlth   ++           p - ring "Hyagreu" {rC+ rN+ Will+}
HPRegen 1.24/turn    B - ring of Pysauhe {Fly rElec rF- rN+++ rCorr}
MPRegen 0.00/turn

%: clarity, infuse magic (-15 HP)
@: flying, studying Armour
A: sickness immunity, fire resistance 2, cold vulnerability 1, float, innate
caster, HP casting, extra vitality 1, antennae 1, iridescent scales 1, clever 1,
frail 1, strong-willed 2, screaming 1, inability to drink after injury 1
}: 2/15 runes: decaying, serpentine
a: Renounce Religion


You were on level 2 of the Depths.
You worshipped Xom.
You were a special plaything of Xom.
You visited 8 branches of the dungeon, and saw 37 of its levels.
You visited the Abyss 1 time.
You also visited: Sewer, Gauntlet and Ice Cave.

You collected 5281 gold pieces.
You spent 1317 gold pieces at shops.

Inventory:

Hand Weapons
 F - a +5 scimitar of flaming (weapon)
Armour
 o - the +0 hat of the Aged Nights (worn) {rC+}
   (Xom gifted it to you on level 1 of the Dungeon)

   rC+:       It protects you from cold.
 q - a +0 kite shield of protection (worn)
 v - the +0 cloak of Bohaif {rPois rN+ SInv}
   (You found it on level 3 of the Elven Halls)

   rPois:     It protects you from poison rN+: It protects you from negative
   energy.
   SInv:      It lets you see invisible.
 z - the +1 robe of Tomorrow {rElec Regen+ Str+4 Dex-2}
   (You found it on level 8 of the Dungeon)

   Str+4:     It affects your strength (+4).
   Dex-2:     It affects your dexterity (-2).
   rElec:     It insulates you from electricity.
   Regen+:    It increases your rate of health regeneration.
 H - a +2 cloak (worn)
 L - a +2 pair of gloves (worn)
 M - a +2 buckler
 R - +0 ice dragon scales
 U - the +0 toga "Victory" (worn) {*Victory Clar}
   (You found it on level 5 of the Dungeon)

   *Victory:  When the wearer kills a threatening monster, it has a chance to
   gain +1 AC, +1 Slay, and +1 Int, capping at +7.
   When the wearer uses a scroll or a potion with a hostile monster in sight,
   its bonuses reset to +0.
   Unequipping it also resets its bonuses to +0.
   Clar:      It protects you from confusion, rage, mesmerisation and fear.
Jewellery
 b - a ring of resist corrosion
 m - an amulet of reflection
 p - the ring "Hyagreu" (left hand) {rC+ rN+ Will+}
   (You found it in a Gauntlet)

   [ring of protection from cold]

   rC+:       It protects you from cold.
   rN+:       It protects you from negative energy.
   Will+:     It increases your willpower.
 A - the ring "Diug" {Str+3 Dex+6}
   (You took it off a deep elf elementalist on level 3 of the Elven Halls)

   [ring of dexterity]

   Str+3:     It affects your strength (+3).
   Dex+6:     It affects your dexterity (+6).
 B - the ring of Pysauhe (right hand) {Fly rElec rF- rN+++ rCorr}
   (You took it off a deep elf annihilator on level 3 of the Elven Halls)

   [ring of flight]

   rF-:       It makes you vulnerable to fire.
   rElec:     It insulates you from electricity.
   rN+++:     It renders you almost immune to negative energy.
   Fly:       It grants you flight.
   rCorr:     It protects you from acid and corrosion.
 I - an amulet of regeneration (around neck)
Talismans
 y - a talisman of death
Wands
 a - a wand of flame (57)
 x - a wand of polymorph (25)
 C - a wand of iceblast (40)
 D - a wand of digging (10)
 E - a wand of quicksilver (16)
 V - a wand of mindburst (14)
 Z - a wand of charming (12)
Scrolls
 c - a scroll of butterflies
 d - 6 scrolls of poison
 e - 2 scrolls of summoning
 f - 3 scrolls of enchant armour
 j - 16 scrolls of teleportation
 k - 2 scrolls of blinking
 l - 4 scrolls of identify
 n - 5 scrolls of immolation
 t - 8 scrolls of enchant weapon
 w - 4 scrolls of revelation
 K - 2 scrolls of silence
 S - 5 scrolls of fog
 Y - 6 scrolls of brand weapon
Potions
 g - 3 potions of attraction
 h - 10 potions of mutation
 i - 17 potions of curing
 r - 7 potions of enlightenment
 s - 4 potions of brilliance
 u - a potion of invisibility
 J - a potion of lignification
 N - 3 potions of cancellation
 O - a potion of heal wounds
 P - 4 potions of haste
 Q - 5 potions of resistance
 T - a potion of ambrosia
 W - a potion of berserk rage
 X - 6 potions of might
Miscellaneous
 G - a condenser vane


   Skills:
 - Level 17.0 Fighting
 - Level 15.6 Long Blades
 + Level 6.4 Armour
 - Level 18.2 Dodging
 + Level 12.0 Shields
 * Level 14.9 Spellcasting
 * Level 14.9 Conjurations
 * Level 14.9 Hexes
 * Level 14.9 Summonings
 * Level 14.9 Necromancy
 * Level 14.9 Translocations
 * Level 14.9 Fire Magic
 * Level 14.9 Ice Magic
 * Level 14.9 Air Magic
 * Level 14.9 Earth Magic
 * Level 14.9 Alchemy
 - Level 13.9 Evocations
 * Level 5.1 Shapeshifting


You knew the following spells:

 Your Spells              Type           Power      Damage    Failure   Level
a - Freeze                Ice            100%       1d10      1%          1
b - Jinxbite              Hex            100%       N/A       1%          2
c - Sigil of Binding      Hex            65%        N/A       1%          3
d - Fulminant Prism       Conj/Alch      32%        3d15      1%          4
e - Flame Wave            Conj/Fire      65%        2d15      1%          4
f - Summon Forest         Summ/Tloc      32%        N/A       1%          5
g - Conjure Ball Lightni  Conj/Air       32%        3x3d10    3%          6
h - Plasma Beam           Fire/Air       32%        2x1d45    3%          6
i - Sculpt Simulacrum     Ice/Alch       32%        N/A       3%          6
j - Summon Hydra          Summ           32%        N/A       21%         7
Your spell library was empty.

Dungeon Overview and Level Annotations

Branches:
Dungeon (15/15)            Temple (0/1) D:6            Lair (5/5) D:9
  Swamp (4/4) Lair:2        Snake (4/4) Lair:3        Slime (0/5) Lair:5
    Orc (2/2) D:11            Elf (3/3) Orc:2        Vaults (2/5) D:13
 Depths (2/4) D:15          Sewer (visited)           IceCv (visited)
Gauntlet (visited)
  Crypt: Vaults:2-3

Altars:
Ashenzari
Fedhas
Okawaru
Qazlal
Ru
Uskayaw
Xom
Yredelemnul
The Shining One
Jiyva

Shops:
Orc:2 ***[   Elf:3 :   Snake:1 :   Snake:3 *!   Vaults:1 (

Portals:
Hell: Depths:1
Abyss: Depths:2
Pandemonium: Depths:1 Depths:2
Ziggurat: Depths:2
Trove: Elf:1 (give 19 potions of curing)

Annotations:
Lair:2 1 runed translucent door, Wuvuatt's ghost, journeyman MiBe
Lair:5 exclusion: oklob plant
Vaults:1 1 runed translucent door, howech's ghost, adept MiBe


Innate Abilities, Weirdness & Mutations

You are immune to sickness and miasma.
You are immune to poison.
Your flesh is very heat resistant. (rF++)
You are vulnerable to cold. (rC-)
You float through the air rather than walking.
You learn spells naturally, not from books.
Your magical power is your life essence.
You have superior vitality. (+4 MHP)
You have a pair of small antennae on your head.
You are partially covered in iridescent scales. (AC +2)
Your mind is acute. (Int +4, Str/Dex -1)
You are frail. (-10% HP)
You are highly strong-willed. (Will++)
You occasionally shout uncontrollably at your foes.
You occasionally lose the ability to drink potions when taking damage.


Message History

Unknown command.
Unknown command.
You are too injured to fight recklessly!
You barely miss the fire giant.
The fire giant is severely wounded.
You hit the fire giant.
The fire giant is almost dead.
The fire giant points at you and mumbles some strange words.
The bolt of fire hits you!! You resist.
* * * LOW HITPOINT WARNING * * *
The bolt of fire hits you! You resist.
* * * LOW HITPOINT WARNING * * *
The bolt of fire hits the fire giant.
The fire giant resists.
The fire giant hits you with a +1 great sword of flaming!
* * * LOW HITPOINT WARNING * * *
The fire giant burns you.
* * * LOW HITPOINT WARNING * * *
You slash the fire giant!
You kill the fire giant!
You block the fire giant's attack.
Your Shields skill increases to level 12!
You slash the fire giant!
The fire giant is lightly wounded.
The fire giant hits you with a +1 great sword of flaming.
* * * LOW HITPOINT WARNING * * *
The fire giant burns you.
* * * LOW HITPOINT WARNING * * *
Unknown command.
Okay, then.
Blink to where?
Press: ? - help, Dir - move target
Found a one-way gateway to a ziggurat.
As you read the scroll of blinking, it crumbles to dust.
The +0 toga "Victory" stops glowing.
Found 38 gold pieces. "Let's see if it's strong enough to survive yet."
The fire giant points at you and mumbles some strange words.
The bolt of fire hits you!! You resist.
You die...
Xom howls with laughter!

#...#.#...#..........
...........#.......#...
# ##.........#...#..$..
. #.#.........#....... (
#...........#....... .
###.#.......#...#..... #
#.........#.....5.#...
#.#.#.....#.......5...#.
..............5.@.......
..............%.......#.
............#..##.###∩#
...............?......
.##.#.......C.......## .
#######.............
##.....###C##..#.#.#.#
#.......#........#.#.#
....>......$#..#.#


You could see a fire giant, an ettin, a crimson imp (summoned), a white imp
(summoned) and an ufetubus (summoned).

Vanquished Creatures
  Nikola (Elf:3)
  Jorgrun (Swamp:1)
  2 liches (Depths:1)
  2 deep elf master archers (Elf:3)
  A deep elf blademaster (Elf:2)
  Gastronok (D:10)
  A thorn hunter (Swamp:4)
  Aizul (Snake:1)
  The ghost of Kicir the Blocker, an adept GnFi of Okawaru (Snake:2)
  8 nagarajas (Snake:4)
  7 deep elf sorcerers
  5 deep elf elementalists (Elf:3)
  2 fire giants
  7 vault wardens
  Louise (Swamp:1)
  6 very ugly things
  2 ironbound thunderhulks (Vaults:1)
  A broodmother (D:15)
  4 ironbound preservers
  6 stone giants (Depths:1)
  7 deep elf demonologists (Elf:3)
  3 eleionomae
  9 deep elf annihilators (Elf:3)
  A war gargoyle (Vaults:2)
  2 bunyips
  7 deep elf death magi (Elf:3)
  A crystal guardian (Vaults:2)
  4 fire dragons
  A yaktaur captain (Vaults:1)
  Josephine (D:15)
  2 quicksilver dragon zombies (D:15)
  An ettin (D:15)
  4 deep elf high priests (Elf:3)
  A shambling mangrove (Swamp:4)
  2 entropy weavers (shapeshifter)
  2 great orbs of eyes (Vaults:2)
  3 rakshasas (Depths:1)
  Harold (D:10)
  2 spriggan air magi (Swamp:4)
  Erolcha (D:12)
  An ice dragon (Depths:1)
  4 vault guards (D:13)
  A hell beast (Depths:1)
  A peacekeeper (Vaults:2)
  A ghost crab (Swamp:2)
  A jorogumo (Elf:3)
  24 hydras
  17 anacondas
  8 ironbound frosthearts
  9 alligators
  7 centaur warriors
  2 death knights
  25 dancing weapons
  18 naga warriors
  2 tengu warriors
  A death scarab (Gauntlet)
  A deep troll shaman (D:15)
  3 two-headed ogres
  2 boulder beetles
  8 deep troll earth magi
  A death yak (Lair:4)
  A hell hog (Depths:1)
  4 shock serpents
  4 spriggan berserkers
  A vampire mage (D:15)
  11 naga sharpshooters
  3 occultists
  4 soul eaters
  3 salamander mystics
  2 sun demons
  6 skeletal warriors
  2 iron trolls (D:15)
  2 sixfirhies
  A spectral catoblepas (Gauntlet)
  14 deep elf knights
  6 spriggan druids
  4 goliath frogs
  8 mana vipers
  10 deep elf archers
  A glowing orange brain (shapeshifter) (Elf:1)
  5 sea snakes (Snake:1)
  11 deep trolls
  17 swamp dragons
  A large abomination (Abyss:2)
  9 naga ritualists
  3 arcanists
  7 ironbound convokers
  4 lindwurms
  A harpy (Vaults:1)
  8 bog bodies
  4 orc knights
  3 phantasmal warriors (Snake:4)
  26 deep elf pyromancers
  2 necromancers
  Maurice (D:10)
  9 salamanders
  32 ugly things
  7 will-o-the-wisps
  An oklob plant (Lair:5)
  5 cyclopes
  2 manticores
  15 deep elf zephyrmancers
  A frost giant zombie (Depths:1)
  8 elephants
  3 kobold blastminers
  A worldbinder (Abyss:1)
  7 vault sentinels
  32 black mambas
  14 naga magi
  6 guardian serpents
  6 torpor snails
  A fire giant skeleton (Depths:1)
  2 gargoyles
  2 ice statues (IceCv)
  A cane toad (shapeshifter) (D:13)
  An orange demon (D:9)
  7 cane toads
  4 smoke demons
  Jeremiah (D:7)
  12 komodo dragons
  A hellion (Depths:2)
  An unseen horror (shapeshifter) (Elf:1)
  3 unseen horrors
  4 rime drakes
  7 yaktaurs (Vaults:1)
  A kobold demonologist (D:9)
  3 tengu conjurers
  2 efreet
  3 ice devils
  A golden dragon simulacrum (Depths:1)
  2 freezing wraiths (D:14)
  A spectral naga (Snake:4)
  30 hornets
  A raiju (Abyss:1)
  6 trolls
  2 hellwings
  12 blink frogs
  8 tyrant leeches
  2 glass eyes
  4 polar bears
  A frost giant simulacrum (Depths:1)
  A blink frog (shapeshifter) (Elf:1)
  An ettin zombie (Depths:1)
  12 wraiths
  19 slime creatures
  23 spriggans
  A spriggan (shapeshifter) (Elf:1)
  2 vampires
  3 water elementals
  A slime creature (shapeshifter) (D:13)
  A dire elephant simulacrum (IceCv)
  7 air elementals
  5 shadows
  3 fire elementals
  4 wyverns
  5 steam dragons
  15 vampire mosquitoes
  A warg (D:15)
  42 yaks
  4 basilisks
  2 chaos spawn (D:8)
  16 swamp worms
  2 death yak simulacra (IceCv)
  3 acid dragons
  34 nagas
  2 hydra simulacra (IceCv)
  22 water moccasins
  7 swamp drakes
  An ice beast (D:7)
  30 orc warriors
  2 black bears
  A crocodile (Sewer)
  4 small abominations
  20 wolves
  4 ogres
  5 boggarts (Vaults:1)
  A tengu (D:10)
  16 centaurs
  2 phantoms
  A weeping skull (D:8)
  4 kobold brigands
  A brain worm (Abyss:1)
  9 bullfrogs
  5 gnoll sergeants
  3 earth elementals
  2 scorpions
  10 wights
  16 killer bees
  An elephant simulacrum (IceCv)
  2 electric eels
  9 howler monkeys
  A bullfrog zombie (D:7)
  6 bombardier beetles
  6 hounds
  A jelly (D:5)
  A quasit (D:9)
  11 orc priests
  4 hell rats (Lair:1)
  7 iguanas
  13 orc wizards
  3 sleepcaps
  A sickly merfolk siren (Sewer)
  A malarious merfolk avatar (Sewer)
  A wolf simulacrum (IceCv)
  8 adders
  13 gnolls
  2 river rats
  A shadow imp (D:8)
  3 white imps
  2 ribbon worms
  3 dart slugs
  46 orcs
  11 ball pythons
  6 endoplasms
  7 giant cockroaches
  3 goblins
  8 hobgoblins
  19 kobolds
  6 quokkas
  5 bats
  9 frilled lizards
  29 rats
  A rat zombie (Sewer)
  A spectral orc (D:8)
  A fulminant prism (D:9)
1343 creatures vanquished.

Vanquished Creatures (collateral kills)
  Vashnia (Snake:4)
  An ironbound preserver (Vaults:2)
  An ironbound thunderhulk (Vaults:1)
  A deep elf death mage (Elf:3)
  A minotaur (Gauntlet)
  A yaktaur captain (Vaults:2)
  A vault guard (Vaults:2)
  An ironbound frostheart (Vaults:2)
  4 alligators (Swamp:4)
  2 naga warriors
  A skyshark (Lair:4)
  3 deep trolls (Vaults:2)
  2 goliath frogs
  An ironbound convoker (Vaults:2)
  3 salamanders
  A guardian serpent (Snake:3)
  A naga mage (Snake:4)
  A cane toad (Lair:4)
  A hornet (Swamp:4)
  A wind drake (Snake:4)
  4 blink frogs
  Prince Ribbit (D:8)
  2 spriggans (Swamp:4)
  A shadow (Gauntlet)
  4 yaks (Lair:5)
  2 nagas (Snake:4)
  A swamp worm (Swamp:4)
  A water moccasin (Lair:5)
  An orc warrior (D:8)
  8 wolves
  2 centaurs (Orc:2)
  A kobold brigand (D:8)
  3 wights (D:6)
  2 howler monkeys (D:8)
  2 orc priests
  2 orc wizards
  An adder (D:5)
  A white imp (Gauntlet)
  3 orcs
  A kobold (D:8)
72 creatures vanquished.

Vanquished Creatures (others)
  3 dancing weapons
  2 deep elf zephyrmancers
  A salamander (Snake:4)
  A guardian serpent (Snake:4)
  3 bloated husks
  A water elemental (Elf:3)
  A warg (D:15)
  A wight (D:7)
  3 orcs (Orc:2)
  7 ball lightnings
  16 foxfires
  29 fulminant prisms
  8 snaplasher vines
76 creatures vanquished.

Grand Total: 1491 creatures vanquished

Notes
Turn   | Place    | Note
-------+----------+-------------------------------------------
     0 | D:1      | Xavori the Djinni Chaos Knight began the quest for the Orb.
     0 | D:1      | Reached XP level 1. HP: 20/20 MP: 0/0
   254 | D:1      | XOM: silly message
   256 | D:1      | Reached XP level 2. HP: 24/25 MP: 0/0
   539 | D:1      | XOM: divination: detect items
  1096 | D:1      | XOM: divination: magic mapping
  1194 | D:1      | XOM: noise
  2502 | D:1      | XOM: god gift: 45 gold pieces
  2687 | D:1      | XOM is BORED!
  2687 | D:1      | XOM: noise
  2975 | D:1      | XOM: cloud trail
  3536 | D:1      | XOM: silly message
  3578 | D:1      | XOM: give mutation
  3578 | D:1      | Gained mutation: You expend health (3 HP) to strengthen
                  | your wands. [Xom's mischief]
  4612 | D:1      | XOM is BORED!
  4612 | D:1      | XOM: stat loss: -3 Int (10/13)
  5230 | D:1      | XOM: give mutation
  5230 | D:1      | Gained mutation: Potions are less effective at restoring
                  | your health. [Xom's mischief]
  5936 | D:1      | Identified the +0 hat of the Aged Nights {rC+} (Xom gifted
                  | it to you on level 1 of the Dungeon)
  5936 | D:1      | XOM: god gift: +0 hat of the Aged Nights {rC+}
  5963 | D:1      | XOM: give mutation
  5963 | D:1      | Gained mutation: Your body sometimes deteriorates upon
                  | taking damage. [Xom's mischief]
  6361 | D:1      | XOM: noise
  6531 | D:1      | XOM: draining
  7000 | D:1      | XOM: give mutations
  7000 | D:1      | Lost mutation: You expend health (3 HP) to strengthen your
                  | wands. [Xom's mischief]
  7000 | D:1      | Gained mutation: You are robust. (+10% HP) [Xom's mischief]
  7000 | D:1      | Lost mutation: Potions are less effective at restoring your
                  | health. [Xom's mischief]
  7115 | D:1      | XOM: summons 1 hostile demon
  7422 | D:1      | XOM: summons 1 hostile demon
  8303 | D:1      | XOM: silly message
  8550 | D:1      | XOM: give mutations
  8550 | D:1      | Gained mutation: A frigid envelope surrounds you and
                  | freezes all who hurt you. [Xom's mischief]
  8550 | D:1      | Gained mutation: You are occasionally teleported next to
                  | monsters. [Xom's mischief]
  8672 | D:1      | XOM is BORED!
  8672 | D:1      | XOM: give mutation
  8672 | D:1      | Gained mutation: You passively dampen the noise of your
                  | surroundings. [Xom's mischief]
  9957 | D:2      | XOM: divination: magic mapping
  9961 | D:2      | Reached XP level 3. HP: 28/31 MP: 0/0
  9961 | D:2      | Learned a level 1 spell: Freeze
 10015 | D:2      | XOM: noise
 10288 | D:2      | Reached XP level 4. HP: 36/38 MP: 0/0
 10321 | D:2      | Found a hide-covered altar of Uskayaw.
 10376 | D:3      | XOM: butterfly on damage
 10446 | D:3      | Reached XP level 5. HP: 5/44 MP: 0/0
 10446 | D:3      | Learned a level 2 spell: Jinxbite
 10450 | D:3      | Reached skill level 1 in Spellcasting
 10450 | D:3      | Reached skill level 1 in Conjurations
 10450 | D:3      | Reached skill level 1 in Hexes
 10450 | D:3      | Reached skill level 1 in Summonings
 10450 | D:3      | Reached skill level 1 in Necromancy
 10450 | D:3      | Reached skill level 1 in Translocations
 10450 | D:3      | Reached skill level 1 in Fire Magic
 10450 | D:3      | Reached skill level 1 in Ice Magic
 10450 | D:3      | Reached skill level 1 in Air Magic
 10450 | D:3      | Reached skill level 1 in Earth Magic
 10450 | D:3      | Reached skill level 1 in Alchemy
 10643 | D:3      | XOM: confuse monster(s)
 10851 | D:3      | Reached XP level 6. HP: 50/50 MP: 0/0
 11409 | D:4      | Found a blossoming altar of Fedhas.
 11453 | D:4      | Found a glowing drain.
 11462 | Sewer    | Entered a sewer
 11495 | Sewer    | XOM: 3-stop teleportation journey
 11543 | Sewer    | Noticed a crocodile
 11554 | Sewer    | XOM: summons 2 hostile shadow creatures
 11595 | Sewer    | Noticed a crocodile
 11600 | Sewer    | XOM: confuse monster(s)
 11615 | Sewer    | Killed a crocodile
 11616 | Sewer    | Reached skill level 3 in Dodging
 11616 | Sewer    | Reached XP level 7. HP: 49/56 MP: 0/0
 11616 | Sewer    | Learned a level 3 spell: Sigil of Binding
 11904 | Sewer    | XOM: summons 2 hostile demons
 12047 | D:4      | XOM: give mutation
 12047 | D:4      | Gained mutation: You are strong-willed. (Will+) [Xom's
                  | mischief]
 12179 | D:4      | Found a stormy altar of Qazlal.
 12404 | D:4      | Reached skill level 5 in Long Blades
 12557 | D:4      | XOM: silly message
 12574 | D:4      | XOM: divination: detect items
 12605 | D:5      | Entered Level 5 of the Dungeon
 12665 | D:5      | XOM: scenery: summon butterflies
 12672 | D:5      | Found the +0 toga "Victory" {*Victory Clar}
 12693 | D:5      | XOM: scenery: create altars
 12694 | D:5      | Found an iron altar of Okawaru.
 12835 | D:5      | Reached XP level 8. HP: 63/63 MP: 0/0
 12982 | D:5      | XOM: 3-stop teleportation journey
 13092 | D:5      | XOM: 2-stop teleportation journey
 13379 | D:6      | XOM: enchant monster (bad)
 13390 | D:6      | Reached skill level 4 in Dodging
 13577 | D:6      | XOM: summons friendly quasit
 13585 | D:6      | XOM: cloud trail
 13595 | D:6      | Found a staircase to the Ecumenical Temple.
 13623 | D:6      | Reached XP level 9. HP: 55/69 MP: 0/0
 13623 | D:6      | Learned a level 4 spell: Fulminant Prism
 13762 | D:6      | XOM: 2-stop teleportation journey
 13805 | D:6      | Found a sacrificial altar of Ru.
 13805 | D:6      | XOM: 8-stop teleportation journey
 13968 | D:6      | Reached skill level 5 in Fighting
 14661 | D:6      | XOM: give mutations
 14661 | D:6      | Lost mutation: You passively dampen the noise of your
                  | surroundings. [Xom's mischief]
 14661 | D:6      | Gained mutation: Your natural rate of healing is unusually
                  | fast. [Xom's mischief]
 14661 | D:6      | Gained mutation: You have hidden genetic potential. [Xom's
                  | mischief]
 14661 | D:6      | Gained mutation: You have a pair of small horns on your
                  | head. [Xom's mischief]
 14675 | D:6      | XOM: silly message
 14755 | D:6      | XOM: give mutations
 14755 | D:6      | Lost mutation: You are strong-willed. (Will+) [Xom's
                  | mischief]
 14755 | D:6      | Lost mutation: You have hidden genetic potential. [Xom's
                  | mischief]
 14887 | D:7      | XOM: enchant monster (good)
 14887 | D:7      | Noticed Jeremiah
 14901 | D:7      | XOM: confusion (+ monsters)
 15075 | D:7      | XOM: silly message
 15087 | D:7      | XOM: confusion
 15166 | D:7      | XOM: silly message
 15171 | D:7      | Reached skill level 5 in Dodging
 15233 | D:7      | XOM: god gift: 51 gold pieces
 15338 | D:7      | XOM: scenery: summon butterflies
 15344 | D:7      | XOM: scenery: create altars
 15349 | D:7      | Killed Jeremiah
 15350 | D:7      | Reached skill level 5 in Armour
 15387 | D:7      | XOM: give mutation
 15387 | D:7      | Gained mutation: Your spells are a little harder to cast,
                  | but a little more powerful. [Xom's grace]
 15609 | D:7      | XOM: enchant monster (bad)
 15722 | D:8      | XOM: enchant monster (good)
 15728 | D:8      | Reached XP level 10. HP: 63/78 MP: 0/0
 15861 | D:8      | Identified the +1 robe of Tomorrow {rElec Regen+ Str+4
                  | Dex-2}
 15939 | D:8      | Noticed Prince Ribbit
 15942 | D:8      | Killed Prince Ribbit
 16106 | D:8      | Reached skill level 6 in Dodging
 16207 | D:8      | XOM: summons 2 hostile shadow creatures
 16597 | D:8      | Found a basalt altar of Yredelemnul.
 16698 | D:8      | XOM: give mutations
 16698 | D:8      | Gained mutation: Your body often deteriorates upon taking
                  | damage. [Xom's mischief]
 16698 | D:8      | Gained mutation: You are strong-willed. (Will+) [Xom's
                  | mischief]
 16698 | D:8      | Lost mutation: Your natural rate of healing is unusually
                  | fast. [Xom's mischief]
 16698 | D:8      | Gained mutation: You are partially covered in iridescent
                  | scales. (AC +2) [Xom's mischief]
 16790 | D:8      | XOM: give mutations
 16790 | D:8      | Lost mutation: Your body often deteriorates upon taking
                  | damage. [Xom's mischief]
 16790 | D:8      | Lost mutation: You are robust. (+10% HP) [Xom's mischief]
 16790 | D:8      | Lost mutation: Your spells are a little harder to cast, but
                  | a little more powerful. [Xom's mischief]
 16871 | D:9      | Noticed a sun demon
 16871 | D:9      | Noticed a soul eater
 16871 | D:9      | Noticed a two-headed ogre
 16882 | D:8      | XOM: give mutations
 16882 | D:8      | Lost mutation: You are strong-willed. (Will+) [Xom's
                  | mischief]
 16882 | D:8      | Gained mutation: Your natural rate of healing is unusually
                  | fast. [Xom's mischief]
 16882 | D:8      | Lost mutation: You have a pair of small horns on your head.
                  | [Xom's mischief]
 16883 | D:8      | Killed a sun demon
 16895 | D:8      | XOM: silly message
 16981 | D:9      | Noticed a soul eater
 16999 | D:8      | XOM: fog
 17019 | D:8      | XOM: potion effect (curing)
 17024 | D:8      | XOM: confuse monster(s)
 17031 | D:8      | XOM: confuse monster(s)
 17039 | D:8      | XOM: butterfly on damage
 17049 | D:8      | Killed a soul eater
 17050 | D:8      | Reached skill level 10 in Long Blades
 17050 | D:8      | Reached skill level 5 in Spellcasting
 17050 | D:8      | Reached skill level 5 in Conjurations
 17050 | D:8      | Reached skill level 5 in Hexes
 17050 | D:8      | Reached skill level 5 in Summonings
 17050 | D:8      | Reached skill level 5 in Necromancy
 17050 | D:8      | Reached skill level 5 in Translocations
 17050 | D:8      | Reached skill level 5 in Fire Magic
 17050 | D:8      | Reached skill level 5 in Ice Magic
 17050 | D:8      | Reached skill level 5 in Air Magic
 17050 | D:8      | Reached skill level 5 in Earth Magic
 17050 | D:8      | Reached skill level 5 in Alchemy
 17050 | D:8      | Reached XP level 11. HP: 68/78 MP: 0/0
 17050 | D:8      | Learned a level 4 spell: Flame Wave
 17064 | D:9      | Noticed a sixfirhy
 17147 | D:8      | HP: 1/78 [ice devil (8)]
 17228 | D:8      | XOM: butterfly on damage
 17234 | D:8      | XOM: cast spell 'Summon Small Mammal'
 17248 | D:8      | Killed a soul eater
 17249 | D:8      | Reached skill level 7 in Dodging
 17249 | D:8      | Reached skill level 1 in Evocations
 17249 | D:8      | Killed a two-headed ogre
 17375 | D:9      | XOM: god gift: helmet {god gift}
 17459 | D:9      | XOM: 3-stop teleportation journey
 17478 | D:9      | XOM: smoke on damage
 17479 | D:9      | Reached skill level 8 in Dodging
 17508 | D:9      | Found a broken altar of Ashenzari.
 17584 | D:9      | XOM: scenery: summon butterflies
 17592 | D:9      | Noticed a two-headed ogre
 17611 | D:9      | XOM: enchant monster (good)
 17613 | D:9      | a two-headed ogre changed into a rime drake
 17613 | D:9      | XOM: polymorph two-headed ogre -> rime drake
 17699 | D:9      | XOM: summons friendly iron imp
 17849 | D:9      | XOM: summons 4 hostile shadow creatures
 18033 | D:9      | Killed a sixfirhy
 18034 | D:9      | Reached skill level 9 in Dodging
 18034 | D:9      | Reached XP level 12. HP: 56/86 MP: 0/0
 18059 | D:9      | Found a staircase to the Lair.
 18267 | D:10     | Entered Level 10 of the Dungeon
 18324 | D:10     | Noticed Harold
 18345 | D:10     | XOM: scenery: 4 doors open
 18349 | D:10     | Killed Harold
 18365 | D:10     | XOM: scenery: create altars
 18446 | D:9      | XOM: fog
 18483 | D:10     | XOM: polymorph cyclops -> tengu
 18500 | D:10     | XOM: silly message
 18501 | D:10     | Noticed Gastronok
 18505 | D:10     | Noticed Maurice
 18533 | D:10     | XOM: potion effect (brilliance)
 18539 | D:10     | XOM: scenery: create altars
 18541 | D:10     | XOM: 1-stop teleportation journey
 18543 | D:10     | Maurice stole a +6 ring of intelligence
 18556 | D:10     | XOM: cleaving
 18573 | D:10     | XOM: silly message
 18577 | D:10     | Reached skill level 10 in Dodging
 18616 | D:10     | XOM: silly message
 18617 | D:10     | Maurice stole a +0 falchion of chaos
 18618 | D:10     | Maurice stole 92 gold
 18620 | D:10     | Killed Maurice
 18728 | D:10     | Killed Gastronok
 18737 | D:10     | XOM: noise
 18816 | D:10     | Noticed a two-headed ogre
 18822 | D:10     | XOM: chaos upgrade
 18836 | D:10     | Killed a two-headed ogre
 19065 | D:10     | Found a glowing golden altar of the Shining One.
 19547 | Lair:1   | Entered Level 1 of the Lair of Beasts
 19640 | Lair:1   | XOM: potion effect (attraction)
 19649 | Lair:1   | XOM: scenery: summon butterflies
 19653 | Lair:1   | XOM: confuse monster(s)
 19736 | Lair:1   | XOM: confuse monster(s)
 19738 | Lair:1   | XOM: confuse monster(s)
 19744 | Lair:1   | Reached XP level 13. HP: 85/93 MP: 0/0
 19744 | Lair:1   | Learned a level 5 spell: Summon Forest
 19803 | Lair:1   | Identified the +6 scale mail of Going Fast {rElec rC++
                  | Str+2}
 20270 | Lair:2   | Found a glowing golden altar of the Shining One.
 20291 | Lair:2   | Noticed an eight-headed hydra
 20305 | Lair:2   | XOM: butterfly on damage
 20306 | Lair:2   | Killed a five-headed hydra
 20498 | Lair:2   | Found a runed translucent door.
 20575 | Lair:2   | Noticed a seven-headed hydra
 20578 | Lair:2   | XOM: enchant monster (good)
 20599 | Lair:2   | Killed a three-headed hydra
 20611 | Lair:2   | Reached skill level 11 in Dodging
 20624 | Lair:2   | XOM: enchant monster (good)
 20671 | Lair:2   | Found a frozen archway.
 20693 | IceCv    | Entered an ice cave
 20770 | IceCv    | XOM: noise
 20780 | IceCv    | XOM: polymorph ice beast -> glowing shapeshifter
 20841 | IceCv    | XOM: cleaving
 20856 | IceCv    | XOM: polymorph ice beast -> something unseen
 20945 | IceCv    | XOM: noise
 20965 | IceCv    | XOM: give mutations
 20965 | IceCv    | Gained mutation: Potions are less effective at restoring
                  | your health. [Xom's mischief]
 20965 | IceCv    | Lost mutation: You are occasionally teleported next to
                  | monsters. [Xom's mischief]
 21238 | Lair:2   | Found a staircase to the Swamp.
 21280 | Lair:2   | XOM: draining
 21305 | Lair:2   | XOM: 1-stop teleportation journey
 21371 | Lair:2   | XOM: cloud trail
 21406 | Lair:2   | XOM: god gift: encrusted morningstar {god gift}
 21406 | Lair:2   | Identified the +4 morningstar of Wyrd {pain, rPois} (Xom
                  | gifted it to you on level 2 of the Lair of Beasts)
 21494 | Lair:2   | Noticed Wuvuatt's ghost (journeyman MiBe)
 21564 | Lair:3   | XOM: enchant monster (bad)
 21797 | Lair:3   | Found a staircase to the Snake Pit.
 21870 | Lair:3   | XOM: give mutations
 21870 | Lair:3   | Gained mutation: You occasionally lose the ability to drink
                  | potions when taking damage. [Xom's mischief]
 21870 | Lair:3   | Gained mutation: You are weak. (Str -2) [Xom's mischief]
 21870 | Lair:3   | Gained mutation: You are clumsy. (Dex -2) [Xom's mischief]
 21900 | Lair:3   | XOM: silly message
 21900 | Lair:3   | Noticed an eight-headed hydra
 21906 | Lair:3   | XOM: scenery: create altars
 21997 | Lair:3   | Found a shimmering altar of Xom.
 22040 | Lair:3   | Killed a five-headed hydra
 22123 | Lair:3   | XOM: divination: detect creatures
 22124 | Lair:3   | XOM: summons friendly ufetubus
 22130 | Lair:3   | Reached XP level 14. HP: 89/102 MP: 0/0
 22130 | Lair:3   | XOM: enchant monster (good)
 22137 | Lair:3   | Reached skill level 10 in Fighting
 22180 | Lair:3   | XOM: summons friendly white imp
 22182 | Lair:3   | XOM: scenery: create altars
 22233 | Lair:3   | XOM: summons friendly quasit
 22996 | Lair:4   | XOM: confuse monster(s)
 23093 | Lair:4   | XOM: potion effect (might)
 23181 | Lair:4   | XOM: cloud trail
 23466 | Lair:4   | XOM: confuse monster(s)
 23473 | Lair:4   | XOM: enchant monster (good)
 23566 | Lair:5   | Entered Level 5 of the Lair of Beasts
 23577 | Lair:5   | Reached skill level 12 in Dodging
 23608 | Lair:5   | XOM: fog
 23652 | Lair:5   | XOM: potion effect (brilliance)
 23660 | Lair:5   | XOM: potion effect (invisibility)
 23719 | Lair:5   | XOM: potion effect (haste)
 23731 | Lair:5   | XOM: silly message
 23743 | Lair:5   | XOM: silly message
 23752 | Lair:5   | XOM: potion effect (heal wounds)
 23803 | Lair:5   | XOM: silly message
 23915 | Lair:5   | XOM: cleaving
 23926 | Lair:5   | XOM: noise
 24022 | Lair:5   | Found a staircase to the Slime Pits.
 24022 | Lair:5   | Found a viscous altar of Jiyva.
 24046 | Lair:5   | XOM: noise
 24271 | Lair:5   | XOM: confuse monster(s)
 24281 | Lair:5   | Reached XP level 15. HP: 111/111 MP: 0/0
 24281 | Lair:5   | Learned a level 6 spell: Conjure Ball Lightning
 24337 | Lair:5   | Identified the +0 ring mail "Jypafen" {Str+3}
 24355 | Lair:5   | XOM: summons 4 friendly demons
 24461 | Lair:5   | XOM: summons friendly ufetubus
 24472 | Lair:5   | XOM: silly message
 24644 | Lair:5   | XOM: noise
 24809 | Lair:5   | XOM: give mutations
 24809 | Lair:5   | Lost mutation: You are weak. (Str -2) [Xom's grace]
 24809 | Lair:5   | Gained mutation: You have a pair of small antennae on your
                  | head. [Xom's grace]
 24809 | Lair:5   | Gained mutation: You are strong-willed. (Will+) [Xom's
                  | grace]
 25011 | Lair:5   | XOM: scenery: create altars
 25089 | Lair:5   | Found the +7 great mace "Firestarter" {flame, immolate,
                  | rFlCloud rF++}
 25166 | Lair:5   | XOM: silly message
 25223 | Lair:5   | XOM: cast spell 'Olgreb's Toxic Radiance'
 25468 | D:11     | XOM: silly message
 25526 | D:11     | Found a gate leading to a gauntlet.
 25535 | Gauntlet | Entered a Gauntlet
 25535 | Gauntlet | Found a transporter.
 25535 | Gauntlet | Found a transporter.
 25535 | Gauntlet | Found a runed translucent door.
 25535 | Gauntlet | Found a runed translucent door.
 25541 | Gauntlet | Found a transporter.
 25554 | Gauntlet | Found a transporter.
 25573 | Gauntlet | Found a transporter.
 25573 | Gauntlet | Found a transporter.
 25573 | Gauntlet | Found a transporter.
 25577 | Gauntlet | Found a transporter.
 25577 | Gauntlet | Found a transporter.
 25589 | Gauntlet | Found a transporter.
 25607 | Gauntlet | Found a transporter.
 25617 | Gauntlet | Found a transporter.
 25634 | Gauntlet | Found a transporter.
 25653 | Gauntlet | Found a transporter.
 25654 | Gauntlet | Found a runed translucent door.
 25747 | Gauntlet | XOM: stat loss: -1 Dex (23/25)
 25753 | Abyss:1  | Found a runed translucent door.
 25753 | Abyss:1  | Cast into level 1 of the Abyss (Xom)
 25832 | Abyss:1  | Found a runed translucent door.
 25917 | Abyss:1  | XOM: summons 8 hostile demons
 25927 | Abyss:1  | XOM: swap monsters
 25959 | Abyss:1  | XOM: butterfly on damage
 25959 | Abyss:1  | Noticed a red very ugly thing
 25967 | Abyss:1  | XOM: summons 6 hostile demons
 25979 | Abyss:1  | XOM: summons 2 hostile shadow creatures
 26016 | Abyss:2  | Noticed a red very ugly thing
 26025 | Abyss:2  | XOM: confuse monster(s)
 26081 | Abyss:2  | XOM: scenery: summon butterflies
 26087 | Abyss:2  | Reached skill level 13 in Dodging
 26163 | Gauntlet | Escaped the Abyss
 26231 | Gauntlet | Identified the ring "Hyagreu" {rC+ rN+ Will+}
 26241 | Gauntlet | Identified the +9 glaive of Discretion {heavy, rElec rN+++
                  | Dex-4 SInv}
 26258 | Gauntlet | XOM: give mutations
 26258 | Gauntlet | Lost mutation: You are clumsy. (Dex -2) [Xom's grace]
 26258 | Gauntlet | Gained mutation: You possess an exceptional clarity of
                  | mind. [Xom's grace]
 26269 | Gauntlet | Identified the +8 short sword of Destiny {freeze, rElec
                  | Str+4}
 26371 | D:11     | Found a staircase to the Orcish Mines.
 26372 | D:11     | XOM: divination: detect items
 26570 | D:11     | XOM: cast spell 'Iskenderun's Battlesphere'
 26881 | Orc:1    | Entered Level 1 of the Orcish Mines
 26996 | D:12     | XOM: noise
 27222 | D:12     | Noticed Erolcha
 27227 | D:12     | Killed Erolcha
 27277 | D:12     | XOM: enchant monster (bad)
 27462 | D:12     | XOM: potion effect (invisibility)
 27471 | D:12     | Reached skill level 15 in Long Blades
 27554 | D:12     | XOM: summons friendly sixfirhy
 27942 | Orc:2    | Entered Level 2 of the Orcish Mines
 27945 | Orc:2    | Found a staircase to the Elven Halls.
 28094 | D:9      | XOM: god gift: wand of polymorph (5)
 28306 | Orc:2    | XOM: destruction
 28384 | Orc:1    | XOM: enchant monster (bad)
 28440 | Orc:1    | XOM: god gift: boomerang
 28466 | Orc:2    | Reached skill level 1 in Shields
 28505 | Orc:1    | Reached XP level 16. HP: 120/120 MP: 0/0
 28547 | Orc:2    | XOM: potion effect (might)
 28572 | Orc:2    | Found Eckot Oce's General Store.
 28572 | Orc:2    | Found Vicvoil's Assorted Antiques.
 28572 | Orc:2    | Found Qedeuheik's Armour Shoppe.
 28576 | Orc:2    | Found Aqukul Fin's Assorted Antiques.
 29023 | D:13     | XOM: polymorph slime creature -> glowing shapeshifter
 29088 | D:13     | Found a gate to the Vaults.
 29101 | D:13     | XOM: stat loss: -1 Str (10/11)
 29111 | D:13     | XOM: noise
 29212 | D:12     | XOM: give mutations
 29212 | D:12     | Gained mutation: You are clumsy. (Dex -2) [Xom's mischief]
 29212 | D:12     | Gained mutation: You sometimes lose the ability to drink
                  | potions when taking damage. [Xom's mischief]
 29212 | D:12     | Gained mutation: You are very clumsy. (Dex -4) [Xom's
                  | mischief]
 29527 | D:13     | XOM: potion effect (attraction)
 29620 | D:13     | Reached skill level 14 in Dodging
 29728 | D:13     | XOM: noise
 29937 | D:13     | XOM is BORED!
 30120 | D:13     | XOM: cloud trail
 30213 | D:13     | XOM: noise
 30409 | Snake:1  | Entered Level 1 of the Snake Pit
 30415 | Snake:1  | XOM: chaos upgrade
 30515 | Snake:1  | XOM: draining
 30534 | Snake:1  | XOM: summons 3 hostile demons
 30979 | Snake:1  | XOM: give mutation
 30979 | Snake:1  | Lost mutation: You are very clumsy. (Dex -4) [Xom's
                  | mischief]
 31037 | Snake:1  | Reached skill level 5 in Shields
 31068 | Snake:1  | Found Ominir's Self-Improvement Boutique.
 31078 | Snake:1  | Identified the serpent talisman of Bedevilment {rN+}
 31078 | Snake:1  | Noticed Aizul
 31094 | Snake:1  | Killed Aizul
 31110 | Snake:1  | Bought a manual of Armour for 880 gold pieces
 31337 | Snake:1  | You are sucked into a shaft and drop 1 floor!
 31390 | Snake:2  | Reached skill level 5 in Evocations
 31419 | Snake:2  | XOM: 6-stop teleportation journey
 31520 | Snake:2  | XOM: noise
 31527 | Snake:2  | XOM: 1-stop teleportation journey
 31540 | Snake:2  | Reached XP level 17. HP: 12/127 MP: 0/0
 31540 | Snake:2  | Learned a level 6 spell: Plasma Beam
 31770 | Snake:2  | XOM: summons 3 hostile demons
 31819 | Snake:2  | XOM: give mutations
 31819 | Snake:2  | Gained mutation: You passively dampen the noise of your
                  | surroundings. [Xom's grace]
 31819 | Snake:2  | Gained mutation: Your muscles are strong. (Str +4, Int/Dex
                  | -1) [Xom's grace]
 31819 | Snake:2  | Gained mutation: You are highly strong-willed. (Will++)
                  | [Xom's grace]
 31819 | Snake:2  | Gained mutation: You have very sharp teeth. [Xom's grace]
 31820 | Snake:2  | Found a runed translucent door.
 31821 | Snake:2  | Noticed Kicir's ghost (adept GnFi)
 32040 | Snake:2  | XOM: scenery: create altars
 32364 | Snake:2  | XOM: torment (71/127 hp)
 32436 | Snake:2  | XOM: noise
 32449 | Snake:2  | XOM: summons 3 hostile shadow creatures
 32595 | Snake:3  | XOM: blink monster(s)
 32598 | Snake:3  | XOM: 9-stop teleportation journey
 32609 | Snake:3  | Reached skill level 10 in Spellcasting
 32609 | Snake:3  | Reached skill level 10 in Conjurations
 32609 | Snake:3  | Reached skill level 10 in Hexes
 32609 | Snake:3  | Reached skill level 10 in Summonings
 32609 | Snake:3  | Reached skill level 10 in Necromancy
 32609 | Snake:3  | Reached skill level 10 in Translocations
 32609 | Snake:3  | Reached skill level 10 in Fire Magic
 32609 | Snake:3  | Reached skill level 10 in Ice Magic
 32609 | Snake:3  | Reached skill level 10 in Air Magic
 32609 | Snake:3  | Reached skill level 10 in Earth Magic
 32609 | Snake:3  | Reached skill level 10 in Alchemy
 32650 | Snake:3  | XOM: snakes to sticks
 32679 | Snake:3  | XOM: summons friendly shadow imp
 32717 | Snake:3  | XOM: enchant monster (good)
 32751 | Snake:3  | XOM: cloud trail
 32801 | Snake:3  | Found Xuamp's Distillery.
 32803 | Snake:3  | Found Ehifet's General Store.
 32810 | Snake:3  | Bought a potion of might for 76 gold pieces
 32810 | Snake:3  | Bought a potion of haste for 190 gold pieces
 32810 | Snake:3  | Bought a potion of curing for 57 gold pieces
 32810 | Snake:3  | Bought a potion of curing for 57 gold pieces
 32810 | Snake:3  | Bought a potion of curing for 57 gold pieces
 32860 | Snake:3  | XOM: 5-stop teleportation journey
 33120 | Snake:3  | XOM: cast spell 'Iskenderun's Battlesphere'
 33213 | Snake:3  | XOM: cast spell 'Leda's Liquefaction'
 33254 | Snake:3  | Identified the +1 battleaxe "Hydraslayer" {vamp, rPois rN+
                  | Stlth-}
 33377 | Snake:3  | XOM: give mutations
 33377 | Snake:3  | Lost mutation: Your body sometimes deteriorates upon taking
                  | damage. [Xom's mischief]
 33377 | Snake:3  | Lost mutation: A frigid envelope surrounds you and freezes
                  | all who hurt you. [Xom's mischief]
 33377 | Snake:3  | Lost mutation: Your muscles are strong. (Str +4, Int/Dex
                  | -1) [Xom's mischief]
 33388 | Snake:3  | Reached skill level 15 in Dodging
 33476 | Snake:4  | Entered Level 4 of the Snake Pit
 33479 | Snake:4  | XOM: summons friendly quasit
 33480 | Snake:4  | XOM: summons 12 friendly demons
 33514 | Snake:4  | XOM: enchant monster (good)
 33515 | Snake:4  | XOM: enchant monster (good)
 33518 | Snake:4  | Xom revived you
 33629 | Snake:3  | XOM: cast spell 'Metabolic Englaciation'
 33726 | Snake:4  | XOM: polymorph naga sharpshooter -> spriggan
 33888 | Snake:4  | XOM: cast spell 'Summon Small Mammal'
 34035 | Snake:4  | XOM: fog
 34176 | Snake:4  | XOM: summons friendly ufetubus
 34207 | Snake:4  | Reached XP level 18. HP: 135/135 MP: 0/0
 34258 | Snake:4  | XOM: cast spell 'Summon Small Mammal'
 34359 | Snake:4  | XOM: divine lightning
 34365 | Snake:4  | XOM: polymorph anaconda -> wind drake
 34571 | Snake:4  | Identified the +7 short sword of the Magi {heavy, Int+3}
 34808 | Snake:4  | Noticed Vashnia
 34883 | Snake:4  | XOM: enchant monster (good)
 34885 | Snake:4  | Killed Vashnia
 34926 | Snake:4  | XOM: cast spell 'Discord'
 34984 | Snake:4  | XOM: divine lightning
 35053 | Snake:4  | XOM: cast spell 'Olgreb's Toxic Radiance'
 35060 | Snake:4  | XOM: divination: magic mapping
 35196 | Snake:4  | Got a serpentine rune of Zot
 35510 | Swamp:1  | Entered Level 1 of the Swamp
 35514 | Swamp:1  | XOM: noise
 35604 | Swamp:1  | XOM: confuse monster(s)
 35719 | Swamp:1  | XOM: confuse monster(s)
 35767 | Swamp:1  | XOM: cleaving
 35808 | Swamp:1  | Noticed Louise
 35821 | Swamp:1  | Killed Louise
 35974 | Swamp:1  | Noticed Jorgrun
 35985 | Swamp:1  | Killed Jorgrun
 36063 | Swamp:1  | XOM: cloud trail
 36101 | Swamp:2  | XOM: confuse monster(s)
 36110 | Swamp:2  | XOM: give mutation
 36110 | Swamp:2  | Gained mutation: You are extremely strong-willed. (Will+++)
                  | [Xom's mischief]
 36199 | Swamp:2  | XOM: confuse monster(s)
 36334 | Swamp:2  | Reached skill level 15 in Fighting
 36362 | Swamp:2  | XOM: divination: detect creatures
 36371 | Swamp:2  | XOM: confuse monster(s)
 36374 | Swamp:2  | Reached skill level 16 in Dodging
 36450 | Swamp:3  | XOM: noise
 36467 | Swamp:3  | Reached XP level 19. HP: 118/143 MP: 0/0
 36467 | Swamp:3  | Learned a level 6 spell: Sculpt Simulacrum
 36624 | Swamp:3  | XOM: cloud trail
 36708 | Swamp:3  | XOM: divination: magic mapping
 37350 | Lair:1   | XOM: stat loss: -1 Str (10/11)
 37471 | D:14     | XOM: divination: magic mapping
 37473 | D:14     | XOM: potion effect (haste)
 37673 | D:13     | XOM: noise
 37744 | D:14     | XOM: confuse monster(s)
 37817 | D:14     | Identified the +3 long sword "Widowmaker" {vamp, +Blink
                  | Str+2 Dex+4}
 38214 | D:14     | XOM: noise
 38390 | D:15     | Entered Level 15 of the Dungeon
 38399 | D:15     | XOM: chaos cloud
 38411 | D:15     | XOM: 4-stop teleportation journey
 38476 | D:15     | Noticed Josephine
 38488 | D:15     | Killed Josephine
 38568 | D:15     | XOM: stat loss: -1 Dex (25/26)
 38789 | D:15     | Reached skill level 10 in Evocations
 38856 | D:15     | Found a staircase to the Depths.
 39582 | Depths:1 | Entered Level 1 of the Depths
 39638 | D:15     | XOM: silly message
 39761 | Depths:1 | XOM: 3-stop teleportation journey
 39810 | D:15     | Reached skill level 10 in Shields
 39870 | D:15     | XOM: scenery: summon butterflies
 39885 | D:15     | XOM: noise
 40349 | Swamp:2  | XOM: 1-stop teleportation journey
 40581 | Swamp:4  | Entered Level 4 of the Swamp
 40867 | Swamp:4  | XOM: 1-stop teleportation journey
 41021 | Swamp:4  | Reached XP level 20. HP: 133/150 MP: 0/0
 41032 | Swamp:4  | XOM: cast spell 'Olgreb's Toxic Radiance'
 41139 | Swamp:4  | XOM: cast spell 'Olgreb's Toxic Radiance'
 41151 | Swamp:4  | XOM: cast spell 'Summon Ice Beast'
 41186 | Swamp:4  | XOM: potion effect (curing)
 41266 | Swamp:4  | XOM: confuse monster(s)
 41707 | Swamp:4  | Got a decaying rune of Zot
 41817 | Swamp:4  | XOM: summons 1 hostile shadow creature
 42264 | Elf:1    | Entered Level 1 of the Elven Halls
 42548 | Elf:1    | Paralysed by an air elemental for 1 turns
 42614 | Elf:1    | Found a portal to a secret trove of treasure.
 42749 | Elf:1    | Reached skill level 17 in Dodging
 42782 | Elf:1    | XOM: chaos cloud
 43144 | Elf:1    | XOM: give mutations
 43144 | Elf:1    | Lost mutation: You possess an exceptional clarity of mind.
                  | [Xom's mischief]
 43144 | Elf:1    | Lost mutation: Your natural rate of healing is unusually
                  | fast. [Xom's mischief]
 43197 | Elf:1    | Lost mutation: You are extremely strong-willed. (Will+++)
                  | [potion of mutation]
 43197 | Elf:1    | Lost mutation: You have a pair of small antennae on your
                  | head. [potion of mutation]
 43197 | Elf:1    | Lost mutation: You are clumsy. (Dex -2) [potion of
                  | mutation]
 43197 | Elf:1    | Lost mutation: You are highly strong-willed. (Will++)
                  | [potion of mutation]
 43197 | Elf:1    | Gained mutation: You have a pair of small antennae on your
                  | head. [potion of mutation]
 43198 | Elf:1    | Lost mutation: You sometimes lose the ability to drink
                  | potions when taking damage. [potion of mutation]
 43198 | Elf:1    | Lost mutation: You occasionally lose the ability to drink
                  | potions when taking damage. [potion of mutation]
 43198 | Elf:1    | Lost mutation: You passively dampen the noise of your
                  | surroundings. [potion of mutation]
 43198 | Elf:1    | Gained mutation: You have hidden genetic potential. [potion
                  | of mutation]
 43198 | Elf:1    | Gained mutation: You are highly strong-willed. (Will++)
                  | [potion of mutation]
 43281 | Elf:2    | XOM: blink monster(s)
 43289 | Elf:2    | Paralysed by an air elemental for 1 turns
 43377 | Elf:1    | XOM: silly message
 43393 | Elf:2    | XOM: 1-stop teleportation journey
 43411 | Elf:2    | Paralysed by an air elemental for 1 turns
 43414 | Elf:2    | Paralysed by an air elemental for 1 turns
 43834 | Elf:2    | XOM: smoke on damage
 44081 | Elf:2    | XOM: silly message
 44208 | Elf:2    | XOM: noise
 44212 | Elf:2    | XOM: silly message
 44295 | Elf:2    | Found a huge runed translucent gate.
 44295 | Elf:2    | Found a huge runed translucent gate.
 44295 | Elf:2    | Found a huge runed translucent gate.
 44295 | Elf:2    | Found a huge runed translucent gate.
 44296 | Elf:2    | Found a huge runed translucent gate.
 44553 | Elf:2    | XOM: summons 1 hostile shadow creature
 44621 | Elf:2    | XOM: god gift: scroll of fog
 44659 | Elf:2    | XOM: polymorph deep elf zephyrmancer -> komodo dragon
 44668 | Elf:2    | XOM: blink monster(s)
 45195 | Depths:1 | XOM: scenery: summon butterflies
 45204 | Depths:1 | XOM: swap monsters
 45205 | Depths:1 | XOM: swap monsters
 45239 | D:15     | XOM: silly message
 45344 | D:15     | Reached XP level 21. HP: 143/157 MP: 0/0
 45344 | D:15     | Learned a level 7 spell: Summon Hydra
 45398 | Depths:1 | XOM: torment (88/157 hp)
 45501 | Depths:1 | Identified the +6 plate armour "Satesuw" {rPois Dex+6}
 45505 | Depths:1 | XOM: blink monster(s)
 45541 | Depths:1 | XOM: noise
 45714 | Depths:1 | XOM: polymorph deep troll -> broodmother
 45810 | D:15     | XOM: stat loss: -1 Str (10/11)
 45911 | D:15     | XOM: fog
 46197 | D:15     | XOM: enchant monster (good)
 46313 | Depths:1 | XOM: fog
 46707 | D:12     | XOM: god gift: 6 boomerangs
 46847 | Elf:2    | XOM: scenery: 3 doors close
 46955 | Elf:2    | XOM: scenery: create altars
 47096 | Elf:2    | XOM: divination: detect items
 47708 | Elf:3    | Entered Level 3 of the Elven Halls
 47775 | Elf:3    | Found Leseynie's Book Emporium.
 47793 | Elf:3    | Noticed Nikola
 47800 | Elf:3    | XOM: divination: magic mapping
 47802 | Elf:3    | Killed Nikola
 47956 | Elf:3    | Paralysed by an air elemental for 1 turns
 48192 | Elf:3    | Identified the +5 shortbow "Tynliug" {heavy, Dex+3}
 48290 | Elf:2    | XOM: cloud trail
 48610 | Elf:3    | Gained mutation: You are agile. (Dex +4, Str/Int -1)
                  | [hidden potential]
 49075 | Elf:3    | XOM: give mutation
 49075 | Elf:3    | Gained mutation: You are frail. (-10% HP) [Xom's mischief]
 49261 | Elf:3    | Identified the ring "Diug" {Str+3 Dex+6}
 49489 | Elf:3    | XOM: cloud trail
 49628 | Elf:3    | XOM: 3-stop teleportation journey
 49630 | Elf:3    | Identified the ring of Pysauhe {Fly rElec rF- rN+++ rCorr}
 49637 | Elf:3    | Identified the +1 great sword "Bopadagh" {flame, rC+ Will-
                  | SInv}
 49648 | Elf:3    | Reached skill level 18 in Dodging
 49662 | Elf:3    | XOM: polymorph deep elf annihilator -> jorogumo
 49899 | Elf:3    | XOM: summons 11 friendly demons
 49950 | Elf:3    | XOM is BORED!
 50042 | Elf:3    | Identified the +1 pair of boots of the Taurataur {*Corrode
                  | rF+ Str+3}
 50056 | Elf:3    | XOM: butterfly on damage
 50058 | Elf:3    | Identified the +7 morningstar "Mud Pie of Death" {venom,
                  | rF+ rCorr Str-5 Int+5}
 50247 | Elf:3    | Identified the +0 cloak of Bohaif {rPois rN+ SInv}
 50295 | Elf:3    | Identified the +0 pair of gloves of the Butterfly {rN+
                  | Will+ SInv}
 50301 | Elf:3    | Identified the +7 shortbow of Ficirgh {flame, rN++}
 50321 | Elf:3    | XOM: summons 1 hostile demon
 50330 | Elf:3    | Identified the +7 orcbow "Acsitzokk" {flame, Will+}
 50405 | Elf:3    | Reached XP level 22. HP: 144/149 MP: 0/0
 50769 | Elf:3    | XOM: give mutations
 50769 | Elf:3    | Gained mutation: You occasionally shout uncontrollably at
                  | your foes. [Xom's mischief]
 50769 | Elf:3    | Lost mutation: You have very sharp teeth. [Xom's mischief]
 50769 | Elf:3    | Lost mutation: You are agile. (Dex +4, Str/Int -1) [Xom's
                  | mischief]
 51013 | Vaults:1 | Entered Level 1 of the Vaults
 51133 | Vaults:1 | XOM: stat loss: -1 Int (22/23)
 51207 | Vaults:1 | XOM: enchant monster (bad)
 51367 | Vaults:1 | Reached skill level 1 in Shapeshifting
 51513 | Vaults:1 | XOM: summons 3 hostile demons
 51532 | Vaults:1 | XOM: silly message
 51707 | Vaults:1 | Found a runed translucent door.
 51707 | Vaults:1 | Found a shimmering altar of Xom.
 51707 | Vaults:1 | Identified the +0 morningstar "Faigo" {chaos, Stlth+}
 51707 | Vaults:1 | Noticed howech's ghost (adept MiBe)
 52673 | Snake:2  | Killed Kicir's ghost
 52941 | Vaults:1 | XOM: summons 4 hostile demons
 53043 | Vaults:1 | XOM: silly message
 53203 | Vaults:1 | Found Onoruece's Weapon Emporium.
 53203 | Vaults:1 | XOM: 2-stop teleportation journey
 53241 | Vaults:1 | XOM: give mutations
 53241 | Vaults:1 | Lost mutation: Potions are less effective at restoring your
                  | health. [Xom's mischief]
 53241 | Vaults:1 | Gained mutation: You occasionally lose the ability to drink
                  | potions when taking damage. [Xom's mischief]
 53840 | Vaults:2 | XOM: 3-stop teleportation journey
 53858 | Vaults:2 | XOM: blink monster(s)
 53869 | Vaults:2 | XOM: 2-stop teleportation journey
 54092 | Vaults:2 | XOM: noise
 54110 | Vaults:2 | XOM: blink monster(s)
 54120 | Vaults:2 | XOM: swap monsters
 54121 | Vaults:2 | Gained mutation: Your mind is acute. (Int +4, Str/Dex -1)
                  | [hidden potential]
 54121 | Vaults:2 | Lost mutation: You have hidden genetic potential. [hidden
                  | potential expressed]
 54125 | Vaults:2 | XOM: summons friendly quasit
 54128 | Vaults:2 | XOM: confuse monster(s)
 54132 | Vaults:2 | XOM: cast spell 'Summon Dragon'
 54148 | Vaults:2 | XOM: 1-stop teleportation journey
 54170 | Vaults:2 | HP: 6/149 [vault guard/+1 great sword[a vault warden] (13)]
 54463 | D:14     | XOM: cloud trail
 54633 | Depths:1 | Found a one-way gate leading to the halls of Pandemonium.
 54648 | Depths:1 | XOM: confuse monster(s)
 54743 | Depths:1 | XOM: silly message
 54810 | Depths:1 | XOM: summons friendly white imp
 54811 | Depths:1 | XOM: blink monster(s)
 54988 | Depths:1 | Found a gateway to Hell.
 54995 | Depths:1 | XOM: summons friendly iron imp
 55296 | Depths:1 | XOM: summons friendly white imp
 55369 | Depths:1 | XOM: blink monster(s)
 55402 | Depths:1 | XOM: cloud trail
 55415 | Depths:1 | XOM: confuse monster(s)
 55421 | Depths:1 | Reached skill level 5 in Shapeshifting
 55488 | Depths:1 | XOM: divination: detect creatures
 55495 | Depths:1 | XOM: potion effect (haste)
 55789 | Depths:2 | Found a one-way gate to the infinite horrors of the Abyss.
 55919 | Depths:2 | XOM: 5-stop teleportation journey
 55949 | Depths:2 | XOM: enchant monster (good)
 55954 | Depths:2 | XOM: polymorph fire giant -> fire giant
 55956 | Depths:2 | HP: 7/149 [fire giant/+1 great sword of flaming (2)]
 55958 | Depths:2 | HP: 3/149 [fire giant/+1 great sword of flaming (6)]
 55959 | Depths:2 | Found a one-way gateway to a ziggurat.
 55962 | Depths:2 | XOM: summons 3 hostile demons
 55962 | Depths:2 | Killed from afar by a fire giant

Illustrated notes

Levels and vault maps discovered:
D:1:      minmay_arrival_stone_box, layout_basic
D:2:      layout_rooms, basic_altar
D:3:      layout_basic
D:4:      layout_gridville, fedhas_ov_isle_minmay, grunt_qazlal_sundering,
          portal_sewer_entry_e, kennysheep_generic_room_7
D:5:      layout_loops_ring, okawaru_ov_weapons_minmay, serial_bayou,
          serial_bayou_crossing, serial_bayou_shore_b, serial_bayou_shore_b,
          serial_bayou_lagoon_a
D:6:      layout_basic, minmay_temple_entry_arrows, kennysheep_cross_room,
          dk_vineyard_2, hangedman_feature_mirror, kennysheep_pointless_box
D:7:      layout_basic, kiku_gazebo_garden_becter, tgw_sif,
          kennysheep_decorative_pillar, uniq_jeremiah
D:8:      layout_basic, yredelemnul_forgotten_temple_becter, minmay_hedge_maze,
          uniq_prince_ribbit1
D:9:      minmay_spotlight, layout_long_grid,
          mainiacjoe_overflow_surrounded_room, erik_lair_island, serial_demonic,
          serial_demonic_d, serial_demonic_e, serial_demonic_b,
          serial_demonic_e, serial_demonic_a, serial_demonic_c
D:10:     cheibrodos_fzero, layout_gridville, lemuel_doored_altar, uniq_harold,
          uniq_gastronok, uniq_maurice
D:11:     layout_small_grid, kennysheep_orc_monster_closet_entryway,
          gauntlet_entry_generic
D:12:     kennysheep_blocky_hall, layout_basic, uniq_erolcha
D:13:     layout_basic, lightli_vaults_fourway_checkpoint
D:14:     layout_loops_ring, hangedman_decor_growths, grunt_ministairs_9,
          minivault_16
D:15:     gammafunk_depths_entry_grave, layout_stronghold,
          hangedman_abyss_or_decor_jellyfish_corner, uniq_josephine
Lair:1:   layout_chaotic_city, chequers_serial_rivers_room_a,
          grunt_forest_large_clearing_hut
Lair:2:   layout_roguey, palyth_hydra_swamp_entry, basic_altar,
          ebering_ghost_reflecting_pool, portal_ice_cave_demonic_guard,
          pdpol_lair_cavern_descent
Lair:3:   layout_cave_pods, minmay_snake_entry_six_corridors, basic_altar
Lair:4:   layout_hall_layers, hellmonk_talismancer
Lair:5:   wormcave, layout_cellular_growth, guppyfry_lair_end_dragon,
          minmay_slime_entry_oklob_open, minmay_lair_oklob_items,
          infiniplex_staircase_pool_2, serial_bayou_shore_b
Swamp:1:  layout_falls_marsh, nicolae_swamp_dense_foliage, uniq_louise,
          uniq_jorgrun
Swamp:2:  layout_basic_swamp, nicolae_swamp_some_circles, swamp_pool_1_2,
          infiniplex_staircase_pool
Swamp:3:  layout_falls_marsh, nicolae_swamp_orc_logging_accident
Swamp:4:  swamp_basic_johnstein, layout_basic_swamp, swamp_pool_1_2
Snake:1:  minmay_snake_river, layout_gridlike, nicolae_shop_self_help,
          uniq_aizul
Snake:2:  layout_cave_pods, ebering_ghost_inner_flame, drop_trap
Snake:3:  layout_cave_town, drop_trap, serial_bayou_pond_a, minmay_shoptagon
Snake:4:  grunt_snake_rune_serpentine_throne, layout_grid_shapes,
          nicolae_snake_ghostly_warrior_ritual
Orc:1:    layout_diamond_mine
Orc:2:    st_orc_rangers, layout_caves, basic_altar
Elf:1:    eino_elf_arrival_altar, layout_geoelf_octagon, enter_trove_0,
          nicolae_elf_shapeshifter_party, grunt_megastairs_5
Elf:2:    elven_hall_of_blades_hangedman_alternative [nicolae_blade_lattice],
          layout_gridlike, grunt_ministairs_4
Elf:3:    minmay_elf_hall_hex, layout_gridlike, serial_shops,
          nicolae_book_shop_shelving, uniq_nikola
Vaults:1: ebering_ghost_xom, nicolae_vaults_frosty_reception,
          vaults_room_large_hall, nicolae_vaults_more_shelving_1,
          nicolae_vaults_trapezoid_3, nicolae_vaults_big_angled_halls,
          nicolae_vaults_variable_pillar_hall, nicolae_vaults_octothorpe,
          nicolae_vaults_network_square,
          vaults_standard_mumra_enter_the_diamond, v_alt_pattern_3,
          nicolae_vaults_what_the_h, grunt_vaults_funnel,
          ontoclasm_vaults_hangar, layout_vaults_omnibox, serial_shops,
          nicolae_shop_crystal
Vaults:2: nicolae_vaults_security_offices_6, v_misc_11,
          nicolae_vaults_trapezoid_lopsided_3,
          nicolae_vaults_heart-shaped_vault, nicolae_vaults_trapezoid_layered,
          nicolae_vaults_angled_halls, v_rooms_1, grunt_vaults_bifocal,
          nicolae_vaults_arrows, v_misc_16, dpeg_vaults_monster_row,
          nicolae_vaults_yaktaur_gun_rack, layout_vaults_maze, serial_shops,
          nicolae_lakefront_shop
Depths:1: layout_long_grid, hellmouth_1, rand_demon_pan_entry_5,
          grunt_decor_junction, nicolae_letterblocks [nicolae_letter_subblock,
          nicolae_letter_subblock, nicolae_letter_subblock,
          nicolae_letter_subblock, nicolae_letter_subblock,
          nicolae_letter_subblock, nicolae_letter_subblock,
          nicolae_letter_subblock, nicolae_letter_subblock,
          nicolae_letter_subblock, nicolae_letter_subblock,
          nicolae_letter_subblock, nicolae_letter_subblock,
          nicolae_letter_subblock, nicolae_letter_subblock,
          nicolae_letter_subblock, nicolae_letter_subblock,
          nicolae_letter_subblock, nicolae_letter_subblock,
          nicolae_letter_subblock, nicolae_letter_subblock,
          nicolae_letter_subblock, nicolae_letter_subblock,
          nicolae_letter_subblock, nicolae_letter_subblock]
Depths:2: grunt_bruiser_brothers, layout_basic, ziggurat_fallback,
          serial_corexii_hall, corexii_hall_statues_i,
          chequers_hall_statues_wall_a, chequers_hall_statues_wall_a,
          corexii_hall_statues_deadend, chequers_hall_statues_wall_a,
          chequers_hall_statues_wall_a, pf_coc_iceberg, grunt_pan_entry_spiral,
          abyss_entry_glasseish, grunt_ministairs_10,
          minmay_misc_feat_more_columns

Skill      XL: |  1  2  3  4  5  6  7  8  9 10 11 12 13 14 15 16 17 18 19 20 21 22 |
---------------+-------------------------------------------------------------------+-----
Long Blades    | 3 4 5 6 8 10 11 12 14 15 | 15.6
Armour         | 2 3 4 5 6 |  6.4
Spellcasting   | 1 2 3 5 6 7 8 9 10 11 12 14 | 14.9
Conjurations   | 1 2 3 5 6 7 8 9 10 11 12 14 | 14.9
Hexes          | 1 2 3 5 6 7 8 9 10 11 12 14 | 14.9
Summonings     | 1 2 3 5 6 7 8 9 10 11 12 14 | 14.9
Necromancy     | 1 2 3 5 6 7 8 9 10 11 12 14 | 14.9
Translocations | 1 2 3 5 6 7 8 9 10 11 12 14 | 14.9
Fire Magic     | 1 2 3 5 6 7 8 9 10 11 12 14 | 14.9
Ice Magic      | 1 2 3 5 6 7 8 9 10 11 12 14 | 14.9
Air Magic      | 1 2 3 5 6 7 8 9 10 11 12 14 | 14.9
Earth Magic    | 1 2 3 5 6 7 8 9 10 11 12 14 | 14.9
Alchemy        | 1 2 3 5 6 7 8 9 10 11 12 14 | 14.9
Dodging        | 3 4 5 6 9 10 11 12 13 14 15 16 17 18 | 18.2
Fighting       | 4 5 6 7 8 9 11 12 13 14 15 16 17 | 17.0
Evocations     | 1 2 5 7 9 10 12 13 | 13.9
Shields        | 1 5 7 9 10 12 | 12.0
Shapeshifting  | 5 |  5.1

Action                     |  1- 3 |  4- 6 |  7- 9 | 10-12 | 13-15 | 16-18 | 19-21 | 22-24 || total
---------------------------+-------+-------+-------+-------+-------+-------+-------+-------++-------
  Melee: Falchion          |    61 |   116 |   255 |   428 |       |       |       |       ||   860
         Punch             |       |     2 |     4 |     9 |    19 |       |       |       ||    34
         Headbutt          |       |       |    15 |    22 |       |       |       |       ||    37
         Scimitar          |       |       |       |    51 |  1015 |  1172 |  1334 |   478 ||  4050
         Bite              |       |       |       |       |       |   136 |   247 |       ||   383
   Cast: Jinxbite          |       |       |     5 |     1 |     1 |     1 |     1 |       ||     9
         Fulminant Prism   |       |       |     9 |    18 |     1 |     2 |       |       ||    30
         Sigil of Binding  |       |       |       |    10 |       |     1 |       |       ||    11
         Flame Wave        |       |       |       |    22 |     3 |       |       |       ||    25
         Summon Forest     |       |       |       |       |     7 |    14 |     4 |     5 ||    30
         Plasma Beam       |       |       |       |       |       |    20 |   164 |    39 ||   223
         Conjure Ball Ligh |       |       |       |       |       |       |     4 |       ||     4
         Sculpt Simulacrum |       |       |       |       |       |       |     1 |       ||     1
         Summon Hydra      |       |       |       |       |       |       |     1 |     1 ||     2
  Evoke: Wand              |       |       |     2 |    17 |     1 |       |       |       ||    20
    Use: Scroll            |       |       |     7 |     6 |    10 |     6 |     5 |     5 ||    39
         Potion            |       |       |       |     3 |     8 |     2 |     4 |     3 ||    20
   Stab: Sleeping          |       |     1 |       |     1 |     6 |     2 |     4 |       ||    14
         Distracted        |       |       |     1 |       |     5 |     8 |     6 |     2 ||    22
         Confused          |       |       |     3 |    12 |     5 |     9 |     3 |     2 ||    34
         Petrifying        |       |       |     1 |     1 |       |       |       |       ||     2
         Paralysed         |       |       |     2 |     2 |     6 |     2 |       |       ||    12
         Petrified         |       |       |       |     6 |     4 |       |       |       ||    10
         Held in net/web   |       |       |       |     4 |       |       |       |       ||     4
         Invisible         |       |       |       |       |     8 |     1 |     4 |       ||    13
 Armour: Leather armour    |    29 |    65 |   133 |    17 |       |       |       |       ||   244
         Robe              |       |       |       |   231 |   232 |   420 |   509 |   169 ||  1561
         Acid dragon scale |       |       |       |    72 |   203 |       |       |       ||   275
  Dodge: Dodged            |    39 |    80 |   161 |   530 |   942 |   740 |   855 |   301 ||  3648
  Block: Buckler           |       |       |       |       |    41 |   636 |   699 |    37 ||  1413
         Reflection        |       |       |       |       |    24 |    78 |    40 |     6 ||   148
         Other             |       |       |       |       |     7 |       |       |       ||     7
         Kite shield       |       |       |       |       |       |       |       |   262 ||   262
